 Dungeon Crawl Stone Soup version 0.20.1-1-g8b1a95d (webtiles) character file.

2839 Monsterracer the Grappler (level 9, -1/75 HPs)
             Began as a Ghoul Monk on July 8, 2017.
             Was a Priest of Kikubaaqudgha.
             Slain by a gnoll shaman
             ... wielding a +0 whip of distortion
              (26 damage)
             ... on level 7 of the Dungeon on July 9, 2017.
             The game lasted 00:27:48 (8247 turns).

Monsterracer the Grappler (Ghoul Monk)              Turns: 8247, Time: 00:27:49

Health: -1/75      AC: 12    Str: 15    XL:     9   Next: 74%
Magic:  10/10      EV: 12    Int:  8    God:    Kikubaaqudgha [***...]
Gold:   426        SH:  0    Dex: 11    Spells: 2/11 levels left

rFire    + . .     SeeInvis +     - Unarmed
rCold    + . .     Gourm    .   (no shield)
rNeg     + + +     Faith    .   k - +2 ring mail {MR+}
rPois    ∞         Spirit   .   (no helmet)
rElec    .         Reflect  .   c - +1 cloak
rCorr    .         Harm     .   o - +1 pair of gloves
MR       +....                  (no boots)
Stlth    +.........             (no amulet)
Regen    0.0/turn               h - ring of see invisible
MPRegen  0.2/turn               i - ring of protection from fire

@: rotting
A: rotting body, claws 1, carnivore 3, cold resistance 1, negative energy
resistance 3, inhibited regeneration, torment resistance, unbreathing
a: Receive Corpses, Renounce Religion


You were on level 7 of the Dungeon.
You worshipped Kikubaaqudgha.
Kikubaaqudgha was most pleased with you.
You were not hungry.

You visited 2 branches of the dungeon, and saw 8 of its levels.
You also visited: Ossuary.

You collected 426 gold pieces.

Inventory:

Missiles
 m - a throwing net (quivered)
Armour
 c - a +1 cloak (worn)
 g - a +0 large shield
 k - a +2 ring mail of magic resistance (worn)
 o - a +1 pair of gloves (worn)
 p - a cursed -2 robe
Jewellery
 h - a ring of see invisible (left hand)
 i - a ring of protection from fire (right hand)
 w - an uncursed ring of ice
Scrolls
 d - 3 scrolls of teleportation
 e - 8 scrolls of identify
 j - 4 scrolls of remove curse
 l - 3 scrolls of blinking
 t - a scroll of magic mapping
 v - 3 scrolls of recharging
Potions
 a - a potion of agility
 u - a potion of invisibility
Books
 f - Kikubaaqudgha's Incunabulum of Dark Magic
   (Kikubaaqudgha gifted it to you in the Ecumenical Temple)

   Spells                             Type                      Level
   a - Animate Skeleton               Necromancy                   1
   b - Pain                           Necromancy                   1
   c - Corpse Rot                     Necromancy                   2
   d - Regeneration                   Charms/Necromancy            3
   e - Control Undead                 Necromancy                   4
 r - Kikubaaqudgha's Grimoire of Evil
   (Kikubaaqudgha gifted it to you on level 5 of the Dungeon)

   Spells                             Type                      Level
   a - Excruciating Wounds            Charms/Necromancy            5
   b - Bolt of Draining               Conjuration/Necromancy       5
   c - Cigotuvi's Embrace             Necromancy                   5
   d - Dispel Undead                  Necromancy                   5
   e - Simulacrum                     Ice/Necromancy               6
Comestibles
 b - 4 meat rations
 n - a royal jelly


   Skills:
 + Level 5.7 Fighting
 + Level 3.5 Armour
 + Level 4.7 Dodging
 - Level 3.0 Stealth
 * Level 10.5 Unarmed Combat
 + Level 1.8 Spellcasting
 + Level 0.8 Charms
 * Level 4.1 Necromancy


You had 2 spell levels left.
You knew the following spells:

 Your Spells              Type           Power        Failure   Level  Hunger
a - Animate Skeleton      Necr           N/A          13%         1    ##.....
b - Pain                  Necr           #...         13%         1    ##.....
c - Regeneration          Chrm/Necr      #.........   58%         3    ####...
d - Corpse Rot            Necr           N/A          19%         2    ###....
e - Summon Butterflies    Summ           #.......     56%         1    ##.....
f - Apportation           Tloc           #.....       56%         1    ##.....


Dungeon Overview and Level Annotations

Branches:
Dungeon (7/15)             Temple (1/1) D:5

Altars:
Ashenzari
Cheibriados
Dithmenos
Elyvilon
Fedhas
Hepliaklqana
Kikubaaqudgha
Makhleb
Nemelex Xobeh
Okawaru
Qazlal
Ru
Sif Muna
Trog
Uskayaw
Vehumet
Xom
Zin
The Shining One

Shops:
D:6 (


Innate Abilities, Weirdness & Mutations

Your body is rotting away.
You thrive on raw meat.
You are immune to poison.
You have sharp fingernails.
You are carnivorous and can eat meat at any time.
Your flesh is cold resistant. (rC+)
You are immune to negative energy. (rN+++)
You do not regenerate when monsters are visible.
You are immune to unholy pain and torment.
You can survive without breathing.


Message History

You barely miss the gnoll shaman.
The gnoll shaman is moderately wounded.
The gnoll shaman hits you but does no damage.
You blink.
There is an open door here.
You hit the gnoll shaman but do no damage.
The gnoll shaman is moderately wounded.
You hit the gnoll shaman but do no damage.
The gnoll shaman is moderately wounded.
The gnoll shaman hits you but does no damage.
Space warps horribly around you!
* * * LOW HITPOINT WARNING * * *
Huge Dmg: -12%(-9hp) hp: 38%(28hp)
You completely miss the gnoll shaman.
The gnoll shaman is moderately wounded.
The gnoll shaman hits you with a whip of distortion.
* * * LOW HITPOINT WARNING * * *
Space warps horribly around you!
You die...
Kikubaaqudgha rasps: "You have failed me!
Welcome... oblivion!"

#... #.. #.. ######.. . .#
### #......########'#######.
... #......#........#.....#.
.... #......#.(......#.....#.
.....#......@........#.....#.
....#....).#g..######'#####.
#..'......#g..###≈≈≈.≈≈≈###
..#......#..)).#≈≈...≈≈#..
#..)...#...###≈..♣..≈#.#
#......#...#.'..♣♣♣..'..
#......#...#.#≈..♣..≈##.
#......')....#≈≈...≈≈##. .
#......###'###≈≈≈.≈≈≈##.


You could see a gnoll shaman and a gnoll.

Vanquished Creatures
  Joseph (D:7)
  A hornet (D:7)
  Grinder (D:5)
  Menkaure (D:4)
  A sky beast (D:6)
  A black bear (D:6)
  2 phantoms
  3 centaurs
  4 ogres
  A bullfrog (D:7)
  2 scorpions
  A howler monkey (D:7)
  A centaur zombie (D:6)
  3 crimson imps
  A human zombie (Ossuary)
  A hound (D:6)
  A jelly (D:5)
  2 orc priests
  A bullfrog skeleton (D:6)
  Terence (D:2)
  2 worker ants
  An iguana (D:5)
  2 orc wizards
  2 hound zombies (Ossuary)
  4 mummies (Ossuary)
  A worker ant zombie (D:7)
  A howler monkey zombie (D:5)
  11 gnolls
  6 adders
  3 oozes
  An adder zombie (Ossuary)
  An adder skeleton (D:4)
  5 worms
  A dart slug (D:3)
  9 leopard geckos
  12 orcs
  2 ball pythons
  7 giant cockroaches
  9 goblins
  10 hobgoblins
  13 jackals
  2 quokkas
  13 bats
  11 frilled lizards
  2 goblin zombies (Ossuary)
  3 jackal zombies (Ossuary)
  9 kobolds
  2 kobold zombies (Ossuary)
  An orc zombie (Ossuary)
  7 rats
183 creatures vanquished.

Notes
Turn   | Place    | Note
-------+----------+-------------------------------------------
     0 | D:1      | Monsterracer the Ghoul Monk began the quest for the Orb.
     0 | D:1      | Reached XP level 1. HP: 19/19 MP: 0/0
     3 | D:1      | Noticed an electric eel
     3 | D:1      | Noticed an electric eel
    25 | D:1      | Reached XP level 2. HP: 25/26 MP: 1/1
   393 | D:1      | Reached XP level 3. HP: 28/31 MP: 2/2
   966 | D:2      | Reached skill level 4 in Unarmed Combat
  1002 | D:2      | Noticed Terence
  1023 | D:2      | Killed Terence
  1023 | D:2      | Reached XP level 4. HP: 6/38 MP: 3/3
  1273 | D:2      | Found a blossoming altar of Fedhas.
  1605 | D:2      | Reached skill level 5 in Unarmed Combat
  2000 | D:1      | Reached XP level 5. HP: 26/44 MP: 4/4
  2437 | D:3      | Found a stormy altar of Qazlal.
  2485 | D:3      | Found a faded altar of an unknown god.
  2533 | D:3      | Reached skill level 6 in Unarmed Combat
  2573 | D:3      | You fall through a shaft for 2 floors!
  2573 | D:5      | Entered Level 5 of the Dungeon
  2573 | D:5      | Noticed Grinder
  2578 | D:5      | Paralysed by Grinder for 5 turns
  2593 | D:5      | Paralysed by Grinder for 2 turns
  2597 | D:5      | Killed Grinder
  2597 | D:5      | Reached skill level 7 in Unarmed Combat
  2597 | D:5      | Reached XP level 6. HP: 26/51 MP: 5/5
  3057 | D:5      | Reached skill level 8 in Unarmed Combat
  3057 | D:5      | Reached XP level 7. HP: 24/56 MP: 6/6
  3059 | D:5      | Found a staircase to the Ecumenical Temple.
  3072 | Temple   | Entered the Ecumenical Temple
  3089 | Temple   | Became a worshipper of Kikubaaqudgha
  3089 | Temple   | Reached * piety under Kikubaaqudgha
  3089 | Temple   | Identified Kikubaaqudgha's Incunabulum of Dark Magic (Kikubaaqudgha gifted it to you in the Ecumenical Temple)
  3089 | Temple   | Received a gift from Kikubaaqudgha
  3089 | Temple   | Reached ** piety under Kikubaaqudgha
  3128 | D:5      | Found a sand-covered staircase.
  3138 | Ossuary  | Entered an ossuary
  3143 | Ossuary  | Learned a level 3 spell: Regeneration
  3775 | D:5      | Reached skill level 1 in Armour
  4232 | D:4      | Found a radiant altar of Vehumet.
  4540 | D:4      | Reached skill level 1 in Necromancy
  4566 | D:4      | Learned a level 2 spell: Corpse Rot
  4817 | D:3      | Reached skill level 9 in Unarmed Combat
  4817 | D:3      | Reached XP level 8. HP: 35/66 MP: 7/7
  5290 | D:3      | Found a shimmering altar of Xom.
  5295 | D:3      | Found a burning altar of Makhleb.
  5663 | D:4      | Noticed Menkaure
  5674 | D:4      | Killed Menkaure
  6001 | D:5      | Reached *** piety under Kikubaaqudgha
  6001 | D:5      | Identified Kikubaaqudgha's Grimoire of Evil (Kikubaaqudgha gifted it to you on level 5 of the Dungeon)
  6001 | D:5      | Received a gift from Kikubaaqudgha
  6044 | D:5      | Learned a level 1 spell: Animate Skeleton
  6046 | D:5      | Learned a level 1 spell: Pain
  6563 | D:6      | Found Osuefrum's Weapon Shoppe.
  6636 | D:6      | Reached skill level 5 in Fighting
  6758 | D:6      | Found a shadowy altar of Dithmenos.
  6968 | D:6      | Reached XP level 9. HP: 66/74 MP: 8/8
  6971 | D:6      | Learned a level 1 spell: Summon Butterflies
  7088 | D:6      | Reached skill level 10 in Unarmed Combat
  7284 | D:7      | Noticed a hornet
  7303 | D:7      | Killed a hornet
  7303 | D:7      | Reached skill level 1 in Spellcasting
  7374 | D:7      | Learned a level 1 spell: Apportation
  7651 | D:7      | Noticed Joseph
  8014 | D:7      | Found a sacrificial altar of Ru.
  8015 | D:7      | Found a hide-covered altar of Uskayaw.
  8015 | D:7      | Found a blossoming altar of Fedhas.
  8016 | D:7      | Found a glowing golden altar of the Shining One.
  8017 | D:7      | Found a white marble altar of Elyvilon.
  8169 | D:7      | Killed Joseph
  8247 | D:7      | Slain by a gnoll shaman

Skill      XL: |  1  2  3  4  5  6  7  8  9 |
---------------+----------------------------+-----
Stealth        | 3 |  3.0
Unarmed Combat | 4 5 7 8 9 10 | 10.5
Armour         | 1 2 3 |  3.5
Dodging        | 3 4 |  4.7
Fighting       | 4 5 |  5.7
Necromancy     | 1 3 4 |  4.1
Spellcasting   | 1 |  1.8
Charms         | |  0.8

Action                   |  1- 3 |  4- 6 |  7- 9 || total
-------------------------+-------+-------+-------++-------
Melee: Unarmed           |    79 |   192 |   496 ||   767
       Punch             |     2 |     1 |    11 ||    14
 Cast: Animate Skeleton  |       |       |     3 ||     3
       Pain              |       |       |     1 ||     1
       Corpse Rot        |       |       |     1 ||     1
       Apportation       |       |       |     2 ||     2
       Regeneration      |       |       |     1 ||     1
Invok: Receive Corpses   |       |       |     4 ||     4
  Use: Potion            |       |     2 |     7 ||     9
       Scroll            |       |     8 |     7 ||    15
 Stab: Sleeping          |     7 |     1 |     2 ||    10
       Distracted        |       |       |     1 ||     1
  Eat: Chunk             |     4 |    11 |    36 ||    51
Armor: Robe              |    16 |       |       ||    16
       Scale mail        |       |    77 |    70 ||   147
       Ring mail         |       |       |   142 ||   142
Dodge: Dodged            |    40 |    90 |   295 ||   425
